 Dungeon Crawl Stone Soup version 0.30.0-29-ga12c61a403 (webtiles) character file.

Game seed: 9628898448209719466

139914 Revguard the Cleaver (level 17, -1/146 HPs)
             Began as a Ghoul Fighter on June 5, 2023.
             Was the Champion of Makhleb.
             Slain by a merfolk impaler
             ... wielding a +2 demon trident of flaming
              (2 damage)
             ... on level 2 of the Shoals.
             The game lasted 01:35:19 (24884 turns).

Revguard the Cleaver (Ghoul Fighter)               Turns: 24884, Time: 01:35:20

Health: -1/146     AC: 31    Str: 30    XL:     17   Next: 29%
Magic:  24/24      EV: 18    Int:  3    God:    Makhleb [******]
Gold:   1781       SH: 15    Dex: 12    Spells: 16/16 levels left

rFire   . . .        L - +5 broad axe (venom)
rCold   + . .        C - +3 warlock's mirror {omnireflect}
rNeg    + + +        A - +7 chain mail of the Shrike {Slay+2}
rPois   ∞            k - +2 helmet
rElec   +            J - +2 cloak {Stlth+}
rCorr   .            h - +0 pair of gloves
SInv    .            i - +2 pair of boots
Will    .....        a - amulet of reflection
Stlth   +            b - +6 ring of strength
HPRegen 0.00/turn    q - ring of Lownuguh {rElec rN+++ Will- EV+5 Stlth+}
MPRegen 0.19/turn

%: reflection
@: inhibited regen
A: claws 1, cold resistance 1, negative energy resistance 3, inhibited
regeneration, torment resistance 2, devour on kill
a: Renounce Religion, Minor Destruction, Lesser Servant of Makhleb, Major
Destruction, Greater Servant of Makhleb


You were on level 2 of the Shoals.
You worshipped Makhleb.
Makhleb was exalted by your worship.
You visited 5 branches of the dungeon, and saw 25 of its levels.
You also visited: Gauntlet and Ice Cave.

You collected 4128 gold pieces.
You spent 2347 gold pieces at shops.

Inventory:

Hand Weapons
 j - a +4 eveningstar
 E - the +6 Majin-Bo {spellvamp, MP+6 Int+6}
   (You took it off an orc warrior on level 11 of the Dungeon)

   Int:       It affects your intelligence (+6).
   MP:        It affects your magic capacity (+6).
 L - a +5 broad axe of venom (weapon)
 Q - the +6 shillelagh "Devastator" {shatter}
   (You found it on level 2 of the Lair of Beasts)
Missiles
 H - 6 throwing nets (quivered)
Armour
 h - a +0 pair of gloves (worn)
 i - a +2 pair of boots (worn)
 k - a +2 helmet (worn)
 l - a +6 plate armour of fire resistance
 A - the +7 chain mail of the Shrike (worn) {Slay+2}
   (You found it on level 1 of the Lair of Beasts)

   Slay:      It affects your accuracy & damage with ranged weapons and melee
   (+2).
 C - the +3 warlock's mirror (worn) {omnireflect}
   (You acquired it on level 2 of the Lair of Beasts)

   Omnireflect: It can block and reflect piercing ranged attacks and magical
   attacks against the wielder's willpower.
 J - a +2 cloak of stealth (worn)
Jewellery
 a - an amulet of reflection (around neck)
 b - a +6 ring of strength (left hand)
 q - the ring of Lownuguh (right hand) {rElec rN+++ Will- EV+5 Stlth+}
   (You bought it in a shop on level 2 of the Orcish Mines)

   [ring of evasion]

   EV:        It affects your evasion (+5).
   rElec:     It insulates you from electricity.
   rN:        It renders you almost immune to negative energy.
   Will:      It decreases your willpower.
   Stlth:     It makes you more stealthy.
 y - a ring of see invisible
 B - a +4 ring of protection
 N - an amulet of the acrobat
 S - a ring of protection from fire
Wands
 u - a wand of paralysis (27)
 x - a wand of digging (2)
 D - a wand of flame (34)
 G - a wand of polymorph (18)
 V - a wand of roots (4)
Scrolls
 c - a scroll of enchant armour
 d - a scroll of torment
 e - 5 scrolls of fear
 f - 6 scrolls of immolation
 g - 4 scrolls of silence
 n - a scroll of amnesia
 t - 6 scrolls of teleportation
 w - 4 scrolls of fog
 F - 2 scrolls of magic mapping
 T - 4 scrolls of identify
Potions
 m - 2 potions of curing
 o - 4 potions of attraction
 p - a potion of heal wounds
 r - 2 potions of lignification
 s - 5 potions of mutation
 z - 4 potions of might
 I - 3 potions of cancellation
 K - 6 potions of brilliance
 M - 3 potions of haste
 O - a potion of flight
 P - a potion of magic
Miscellaneous
 v - a lightning rod (4/4)
 U - a phial of floods


   Skills:
 + Level 12.0 Fighting
 * Level 13.7 Axes
 + Level 12.7 Armour
 + Level 9.7 Dodging
 * Level 11.6 Shields
 + Level 11.5 Invocations
 + Level 9.8 Evocations


You had 16 spell levels left.
You didn't know any spells.
Your spell library contained the following spells:

 Spells                   Type           Power      Damage    Failure   Level
 Apportation              Tloc           0%         N/A       90%         1
 Kiss of Death            Conj/Necr      0%         2d5       90%         1
 Magic Dart               Conj           0%         1d3       90%         1
 Necrotise                Necr           0%         1d4       90%         1
 Shock                    Conj/Air       0%         1d3       90%         1
 Summon Small Mammal      Summ           0%         N/A       90%         1
 Blink                    Tloc           0%         N/A       97%         2
 Call Imp                 Summ           0%         N/A       97%         2
 Ensorcelled Hibernation  Hex/Ice        0%         N/A       97%         2
 Lesser Beckoning         Tloc           0%         N/A       97%         2
 Momentum Strike          Conj/Tloc      0%         3d8       97%         2
 Passwall                 Tmut/Erth      0%         N/A       97%         2
 Poisonous Vapours        Pois/Air       0%         N/A       97%         2
 Call Canine Familiar     Summ           0%         N/A       99%         3
 Confusing Touch          Hex            0%         N/A       99%         3
 Mephitic Cloud           Conj/Pois/Air  0%         N/A       99%         3
 Portal Projectile        Hex/Tloc       0%         N/A       99%         3
 Summon Guardian Golem    Hex/Summ       0%         N/A       99%         3
 Swiftness                Air            0%         N/A       99%         3
 Vampiric Draining        Necr           0%         2d6       99%         3
 Volatile Blastmotes      Fire/Tloc      0%         2d10      99%         3
 Airstrike                Air            0%         2d(0-16)  100%        4
 Anguish                  Hex/Necr       0%         N/A       100%        4
 Dispel Undead            Necr           0%         3d6       100%        4
 Leda's Liquefaction      Hex/Erth       0%         N/A       100%        4
 Olgreb's Toxic Radiance  Pois           0%         N/A       100%        4
 Sticky Flame             Conj/Fire      0%         2d3       100%        4
 Summon Ice Beast         Ice/Summ       0%         N/A       100%        4
 Agony                    Necr           0%         N/A       100%        5
 Alistair's Intoxication  Tmut/Pois      0%         N/A       100%        5
 Metabolic Englaciation   Hex/Ice        0%         N/A       100%        5
 Summon Mana Viper        Hex/Summ       0%         N/A       100%        5
 Simulacrum               Ice/Necr       0%         N/A       100%        6
 Malign Gateway           Summ/Tloc      0%         N/A       100%        7
 Monstrous Menagerie      Summ           0%         N/A       100%        7
 Discord                  Hex            0%         N/A       100%        8
 Ignition                 Fire           0%         3d3       100%        8
 Summon Horrible Things   Summ           0%         N/A       100%        8
 Shatter                  Erth           0%         3d5*      100%        9
 Spider Form              Tmut/Pois      Unusable   N/A       N/A         3
 Ice Form                 Ice/Tmut       Unusable   N/A       N/A         4

Dungeon Overview and Level Annotations

Branches:
Dungeon (15/15)            Temple (1/1) D:6            Lair (5/5) D:11
 Shoals (2/4) Lair:3        Snake (0/4) Lair:2        Slime (0/5) Lair:5
    Orc (2/2) D:10            Elf (0/3) Orc:2        Vaults (0/5) D:13
 Depths (0/4) D:15          IceCv (visited)         Gauntlet (visited)

Altars:
Ashenzari
Cheibriados
Dithmenos
Fedhas
Gozag
Hepliaklqana
Kikubaaqudgha
Makhleb
Nemelex Xobeh
Okawaru
Qazlal
Ru
Sif Muna
Trog
Uskayaw
Vehumet
Wu Jian
Xom
Yredelemnul
Jiyva

Shops:
D:1 :   D:7 :   D:11 **   Orc:2 [(*(:=

Portals:
Abyss: Lair:4

Annotations:
Shoals:2 1 transporter, royokou's ghost, adept GrEE


Innate Abilities, Weirdness & Mutations

You are immune to poison.
You have sharp fingernails.
Your flesh is cold resistant. (rC+)
You are immune to negative energy. (rN+++)
You do not regenerate when monsters are visible.
You are immune to unholy pain and torment.
You thrive by killing the living.


Message History

You completely miss the merfolk impaler.
The grasping roots constrict the moth of wrath!
You kill the moth of wrath!
Makhleb accepts your kill.
You feel better.
The grasping roots constrict the merfolk impaler!
The merfolk impaler hits you with a +2 demon trident of flaming!
The merfolk impaler burns you. You block the merfolk impaler's attack.
You block the merfolk's attack.
The merfolk impaler hits you with a +1 heavy trident!
Unknown command.
You slice the moth of wrath!!
You kill the moth of wrath!
Makhleb accepts your kill.
You slash the merfolk impaler!
The merfolk impaler looks as sick as possible!
You barely miss royokou's ghost.
The grasping roots constrict the merfolk impaler!
The roots release their grip on the merfolk impaler.
You block the merfolk impaler's attack. x2
The merfolk hits you but does no damage.
The merfolk impaler hits you but does no damage.
The merfolk barely misses you. The merfolk impaler barely misses you.
The merfolk impaler hits you with a +1 heavy trident!
The merfolk impaler misses you. Royokou's ghost casts a spell at you.
The iron shot misses you.
The merfolk hits you but does no damage.
The merfolk impaler hits you from afar with a +1 heavy trident.
You block the merfolk impaler's attack. The merfolk impaler barely misses you.
As you read the scroll of torment, it crumbles to dust.
You feel a surge of unholy energy.
The merfolk impaler convulses! x2
The merfolk convulses! x2; The merfolk impaler convulses! x2
You block the merfolk impaler's attack. x2
Royokou's ghost casts a spell at you. The iron shot hits you!!!!
* * * LOW HITPOINT WARNING * * *
The merfolk closely misses you.
The merfolk impaler hits you with a +2 demon trident of flaming.
You die...

~~~~.......#####.....~~≈≈≈≈≈≈≈≈≈≈
..~~.....###.m.###....~≈≈≈≈≈≈≈≈≈≈
........###......##...~≈≈≈≈≈≈≈≈≈≈
........#####..####...~≈≈≈≈≈≈≈≈≈≈
...##..##.#≈#..#####..~≈≈≈≈≈≈≈≈≈≈
...##..#W###[..≈#..#..≈≈≈≈≈≈≈≈≈≈≈
..<....#m...!_m###©#..~≈≈~~~≈≈≈≈≈
##.....#.m.#..m..m.#..~≈≈~~~~≈≈≈≈
###....##$## #mm@m##.~~~≈~~~~≈≈≈≈
...##...#..###..W.#~~~~~≈~~~~≈≈≈≈
~...##..#####....##.~~~~~~~~~≈≈≈≈
≈~..#..~)###.©.###...~~P~~~~~≈≈≈≈
~~~##..~~~~#####.....~~~~~~≈≈≈≈≈≈
≈.....)~)~...©....#..~~~~~~≈≈≈≈≈≈
...~†~~~~.......P..~~~~~P~P~≈≈≈≈≈
~~~~)).).~..~~≈~≈~.P~~PP~P~~≈≈≈≈≈
≈≈≈≈~.......P..≈≈~.~~~PP~PPP≈≈≈≈≈


You could see 4 merfolk impalers, 2 merfolk and royokou's ghost.

Vanquished Creatures
  A frost giant (IceCv)
  The ghost of Ceyroiss the Quickloader, a journeyman HuWn of Dithmenos (Lair:4)
  A minotaur (Gauntlet)
  An ettin (D:15)
  Fannar (D:11)
  Harold (Lair:2)
  2 merfolk impalers (Shoals:2)
  7 hydras
  The ghost of SuvarnaParana the Severer, a journeyman MiBe of Trog (D:8)
  2 catoblepae
  2 ogre magi
  2 alligator snapping turtles (Shoals:2)
  A satyr (Shoals:2)
  A hell beast (Gauntlet)
  7 boulder beetles
  A merfolk aquamancer (Shoals:2)
  10 two-headed ogres
  5 centaur warriors
  A merfolk avatar (Shoals:2)
  2 tengu warriors (D:15)
  2 hell hogs (Lair:4)
  6 death yaks (IceCv)
  A thrashing horror (Lair:4)
  3 orc high priests (Orc:2)
  Urug (D:13)
  A spriggan (Lair:4)
  3 skysharks
  Amaemon (Lair:1)
  3 sea snakes
  3 deep trolls
  A wizard (D:15)
  8 harpies (Shoals:1)
  A lindwurm (Lair:2)
  A deep elf archer (D:13)
  A deep elf zephyrmancer (D:13)
  5 orc knights
  A wolf spider (D:15)
  A phantasmal warrior (Lair:5)
  7 deep elf pyromancers
  16 ugly things
  A necromancer (D:15)
  5 orc sorcerers
  10 manticores
  2 moths of wrath (Shoals:2)
  6 fauns (Shoals:2)
  8 cyclopes
  A worldbinder (Gauntlet)
  2 merfolk sirens
  A salamander (Lair:2)
  3 elephants (Lair:5)
  6 black mambas
  11 cane toads
  2 gargoyles
  A torpor snail (Lair:5)
  An ice statue (IceCv)
  An orange demon (Lair:1)
  3 yaktaurs (D:13)
  An unseen horror (D:11)
  10 rime drakes
  2 efreet
  3 komodo dragons
  2 tengu conjurers (D:15)
  7 kobold demonologists
  7 merfolk
  6 trolls
  7 meliai
  15 polar bears
  Grinder (D:4)
  5 hornets
  3 wind drakes (Shoals:2)
  5 raiju (Lair:5)
  3 snapping turtles (Shoals:2)
  21 blink frogs
  Sigmund (D:4)
  15 slime creatures
  4 shadows
  3 centaur simulacra (Gauntlet)
  2 wraiths
  3 wyverns
  5 water elementals (Shoals:2)
  A human (Lair:5)
  Grum (D:11)
  4 basilisks
  44 yaks
  A chaos spawn (Lair:4)
  2 steam dragons
  2 vampire mosquitoes (D:14)
  9 wargs
  2 acid dragons (D:11)
  12 hell hounds (Lair:5)
  13 orc warriors
  19 water moccasins
  An ice beast (D:6)
  13 black bears
  A swamp drake (D:11)
  A sky beast (D:7)
  A hornet zombie (D:7)
  11 ogres
  27 wolves
  6 centaurs
  A boggart (Gauntlet)
  6 kobold brigands
  2 phantoms
  11 bullfrogs
  A gnoll sergeant (D:10)
  5 scorpions
  A hornet simulacrum (Gauntlet)
  A troll zombie (D:10)
  10 killer bees
  5 electric eels
  2 howler monkeys
  A crimson imp (D:11)
  A bullfrog zombie (D:7)
  5 hounds
  4 lava snakes (Lair:2)
  8 jellies
  16 orc priests
  An iron imp (D:11)
  Jessica (D:2)
  4 iguanas
  Terence (D:3)
  18 orc wizards
  Ijyb (D:3)
  7 ogre zombies (D:10)
  Robin (D:4)
  9 adders
  3 gnolls (D:10)
  2 shadow imps
  5 white imps
  4 worms
  A dart slug (D:1)
  62 orcs
  7 ball pythons
  9 endoplasms
  2 giant cockroaches
  16 goblins
  10 hobgoblins
  6 jackals
  25 kobolds
  8 quokkas
  6 bats
  6 frilled lizards
  3 goblin zombies (D:10)
  A hobgoblin zombie (D:10)
  2 orc skeletons (D:10)
  18 orc zombies (D:10)
  7 rats
808 creatures vanquished.

Vanquished Creatures (collateral kills)
  Ilsuiw (Shoals:2)
  A fire dragon (D:11)
  A two-headed ogre (D:13)
  2 orc high priests (Orc:2)
  A sixfirhy (Lair:4)
  2 sea snakes (Shoals:2)
  An ugly thing (D:13)
  2 cyclopes
  A worldbinder (Lair:4)
  2 merfolk sirens (Shoals:2)
  A kobold demonologist (D:11)
  A tengu conjurer (D:11)
  A troll (Orc:1)
  A merfolk (Shoals:2)
  A wraith (D:12)
  A yak (D:11)
  A basilisk (D:11)
  A warg (Orc:2)
  4 orc warriors
  2 orc priests (Orc:2)
  4 orcs
32 creatures vanquished.

Vanquished Creatures (others)
  A water elemental (D:12)
  An orc priest (Orc:2)
  2 orc wizards (Orc:2)
  An orc (D:11)
5 creatures vanquished.

Grand Total: 845 creatures vanquished

Notes
Turn   | Place    | Note
-------+----------+-------------------------------------------
     0 | D:1      | Revguard the Ghoul Fighter began the quest for the Orb.
     0 | D:1      | Reached XP level 1. HP: 19/19 MP: 0/0
   178 | D:1      | Reached XP level 2. HP: 24/26 MP: 1/1
   283 | D:1      | Reached skill level 2 in Axes
   608 | D:1      | Found Fuamea's Book Shoppe.
   768 | D:2      | Noticed Jessica
   780 | D:2      | Killed Jessica
   781 | D:2      | Reached XP level 3. HP: 24/31 MP: 2/2
   795 | D:2      | Reached XP level 4. HP: 38/38 MP: 3/3
   819 | D:2      | Reached skill level 1 in Dodging
   824 | D:2      | Reached skill level 1 in Invocations
  1568 | D:3      | Noticed Terence
  1582 | D:3      | Killed Terence
  1583 | D:3      | Reached skill level 1 in Evocations
  1583 | D:3      | Reached XP level 5. HP: 15/46 MP: 4/4
  1716 | D:3      | Noticed Ijyb
  1736 | D:3      | Killed Ijyb
  1878 | D:3      | Found a broken altar of Ashenzari.
  2315 | D:4      | Noticed Robin
  2321 | D:4      | Killed Robin
  2444 | D:4      | Reached XP level 6. HP: 52/52 MP: 6/6
  2466 | D:4      | Reached skill level 3 in Axes
  2690 | D:4      | Noticed Sigmund
  2701 | D:4      | Reached XP level 7. HP: 47/59 MP: 7/7
  2719 | D:4      | Killed Sigmund
  2937 | D:4      | Noticed Grinder
  2946 | D:4      | Paralysed by Grinder for 5 turns
  2959 | D:4      | Paralysed by Grinder for 2 turns
  2960 | D:4      | Killed Grinder
  2961 | D:4      | Reached skill level 4 in Axes
  3136 | D:4      | You fall into a shaft and drop 2 floors!
  3154 | D:6      | Reached XP level 8. HP: 67/67 MP: 9/9
  3606 | D:6      | Reached skill level 5 in Armour
  3795 | D:6      | Found a shimmering altar of Xom.
  3797 | D:6      | Found a hazy altar of Hepliaklqana.
  3798 | D:6      | Noticed a spectral ugly thing
  3855 | D:6      | Found a staircase to the Ecumenical Temple.
  3866 | Temple   | Entered the Ecumenical Temple
  3935 | Temple   | Became a worshipper of Makhleb the Destroyer
  4128 | D:5      | Entered Level 5 of the Dungeon
  4136 | D:5      | Reached skill level 5 in Fighting
  4240 | D:5      | Reached skill level 5 in Axes
  4241 | D:5      | Reached XP level 9. HP: 55/74 MP: 10/10
  5011 | D:7      | Found an opulent altar of Gozag.
  5360 | D:7      | Found Xiteol's Book Emporium.
  5504 | D:7      | Reached * piety under Makhleb
  5605 | D:7      | Found a basalt altar of Yredelemnul.
  6176 | D:8      | Noticed a hornet
  6187 | D:8      | Killed a hornet
  6238 | D:8      | Reached skill level 6 in Axes
  6282 | D:8      | Reached ** piety under Makhleb
  6297 | D:8      | Reached XP level 10. HP: 83/83 MP: 12/12
  6649 | D:8      | Found a runed translucent gate.
  6650 | D:8      | Found a runed translucent gate.
  6651 | D:8      | Found a runed translucent gate.
  6652 | D:8      | Noticed SuvarnaParana's ghost (journeyman MiBe)
  6660 | D:8      | Found a viscous altar of Jiyva.
  6681 | D:8      | Reached skill level 5 in Shields
  6692 | D:8      | Killed SuvarnaParana's ghost
  6693 | D:8      | Reached skill level 5 in Invocations
  7295 | D:9      | Identified the +0 robe of Voungui {Fly rF+ Dex+4}
  7445 | D:9      | Noticed a white ugly thing
  7458 | D:9      | Killed a white ugly thing
  7645 | D:9      | Reached skill level 7 in Axes
  7787 | D:10     | Entered Level 10 of the Dungeon
  7798 | D:10     | Noticed a kobold demonologist
  7805 | D:10     | Killed a kobold demonologist
  7806 | D:10     | Noticed a kobold demonologist
  7808 | D:10     | Killed a kobold demonologist
  7808 | D:10     | Noticed a kobold demonologist
  7812 | D:10     | Killed a kobold demonologist
  7812 | D:10     | Noticed a kobold demonologist
  7815 | D:10     | Killed a kobold demonologist
  7816 | D:10     | Reached XP level 11. HP: 91/91 MP: 14/14
  7857 | D:10     | Reached skill level 5 in Dodging
  7875 | D:10     | Found a snail-covered altar of Cheibriados.
  7877 | D:10     | Identified the +1 scale mail "Gamic" {rCorr}
  7910 | D:10     | Reached *** piety under Makhleb
  8043 | D:10     | Noticed a two-headed ogre
  8044 | D:10     | Found a staircase to the Orcish Mines.
  8056 | D:10     | Reached skill level 5 in Evocations
  8060 | D:10     | Killed a two-headed ogre
  8084 | D:10     | Reached **** piety under Makhleb
  8272 | D:10     | Found a blossoming altar of Fedhas.
  8561 | D:11     | Found Loadefel's General Store.
  8563 | D:11     | Found Jyeseh's Specific Store.
  8635 | D:11     | Noticed Grum
  8654 | D:11     | Killed Grum
  8660 | D:11     | Bought a scroll of enchant weapon for 97 gold pieces
  8660 | D:11     | Bought a +2 cloak of stealth for 279 gold pieces
  8713 | D:11     | Noticed Fannar
  8725 | D:11     | Killed Fannar
  8726 | D:11     | Reached skill level 8 in Axes
  8754 | D:11     | Found a staircase to the Lair.
  8812 | D:11     | Noticed a cyclops
  8813 | D:11     | Noticed a two-headed ogre
  8817 | D:11     | Noticed a brown ugly thing
  8820 | D:11     | Noticed a cyclops
  8821 | D:11     | Killed a cyclops
  8822 | D:11     | Noticed a two-headed ogre
  8824 | D:11     | Killed a two-headed ogre
  8825 | D:11     | Noticed an orc knight
  8828 | D:11     | Noticed a boulder beetle
  8831 | D:11     | Killed a brown ugly thing
  8837 | D:11     | Noticed a boulder beetle
  8837 | D:11     | Killed a cyclops
  8842 | D:11     | Killed a two-headed ogre
  8843 | D:11     | Reached XP level 12. HP: 25/101 MP: 14/16
  9094 | D:11     | Noticed a two-headed ogre
  9102 | D:11     | Killed a two-headed ogre
  9148 | D:11     | Noticed a two-headed ogre
  9149 | D:11     | Identified the +9 morningstar of Liamey {vamp, *Corrode
                  | rPois MP+9 SInv}
  9151 | D:11     | Identified the +6 leather armour of Heresy {Dex+3}
  9172 | D:11     | Killed a two-headed ogre
  9190 | D:11     | Reached skill level 9 in Axes
  9208 | D:11     | Noticed a boulder beetle
  9234 | D:11     | Killed a boulder beetle
  9250 | D:11     | Noticed a fire dragon
  9252 | D:11     | Killed a boulder beetle
  9265 | D:11     | Killed a fire dragon
  9562 | D:11     | Killed a boulder beetle
  9691 | D:11     | HP: 1/103 [fire elemental[a deep elf pyromancer] (9)]
  9988 | D:12     | Reached XP level 13. HP: 108/108 MP: 17/17
 10228 | D:12     | Reached skill level 10 in Armour
 10545 | D:12     | Reached skill level 10 in Axes
 11017 | D:13     | HP: 5/111 [yaktaur/bolt (12)]
 11099 | D:13     | Noticed Urug
 11118 | D:13     | Killed Urug
 12199 | D:13     | Got the Folio of Relocation and Earth
 12352 | D:13     | Found a gate to the Vaults.
 12772 | Orc:1    | Entered Level 1 of the Orcish Mines
 13207 | Orc:2    | Entered Level 2 of the Orcish Mines
 13222 | Orc:2    | Found a staircase to the Elven Halls.
 13385 | Orc:2    | Reached XP level 14. HP: 64/118 MP: 19/19
 13459 | Orc:2    | Found Poiji's Weapon Boutique.
 13459 | Orc:2    | Found Doczetod's Armour Emporium.
 14044 | Orc:2    | Paralysed by an orc sorcerer for 5 turns
 14059 | Orc:2    | Reached skill level 11 in Axes
 14065 | Orc:2    | Found Kueraegol's Book Shop.
 14065 | Orc:2    | Found Pavoups's Jewellery Shoppe.
 14067 | Orc:2    | Found Tiwoas's Assorted Antiques.
 14067 | Orc:2    | Found Xezuchaoqu's Weapon Shoppe.
 14110 | Orc:2    | Bought a glowing plate armour for 858 gold pieces
 14124 | Orc:2    | Bought the ring of Lownuguh {rElec rN+++ Will- EV+5 Stlth+}
                  | for 1113 gold pieces
 14349 | D:14     | Found a gate leading to a gauntlet.
 14375 | Gauntlet | Entered a Gauntlet
 14375 | Gauntlet | Found a transporter.
 14375 | Gauntlet | Found a transporter.
 14383 | Gauntlet | Found a transporter.
 14387 | Gauntlet | Found a transporter.
 14395 | Gauntlet | Found a transporter.
 14399 | Gauntlet | Found a transporter.
 14407 | Gauntlet | Found a transporter.
 14420 | Gauntlet | Noticed a dire elephant
 14424 | Gauntlet | Found a transporter.
 14438 | Gauntlet | Found a transporter.
 14442 | Gauntlet | Found a transporter.
 14450 | Gauntlet | Found a transporter.
 14454 | Gauntlet | Found a transporter.
 14648 | Gauntlet | Reached skill level 10 in Fighting
 14692 | Gauntlet | Got the Cyclopedia of Degeneration and the Volcano
 15214 | D:14     | Found a sacrificial altar of Ru.
 15888 | D:15     | Entered Level 15 of the Dungeon
 16080 | D:15     | Reached XP level 15. HP: 128/128 MP: 21/21
 16788 | D:15     | Found a staircase to the Depths.
 17493 | Lair:1   | Entered Level 1 of the Lair of Beasts
 17513 | Lair:1   | Reached skill level 12 in Axes
 17611 | Lair:1   | Identified the +7 chain mail of the Shrike {Slay+2}
 17756 | Lair:1   | Reached ***** piety under Makhleb
 17757 | Lair:1   | Reached skill level 10 in Invocations
 17888 | Lair:1   | Noticed Amaemon
 17897 | Lair:1   | Killed Amaemon
 18403 | Lair:2   | Noticed Harold
 18406 | Lair:2   | Paralysed by Harold for 5 turns
 18420 | Lair:2   | Killed Harold
 18498 | Lair:2   | Found the +6 shillelagh "Devastator" {shatter}
 18526 | Lair:2   | You fall into a shaft and drop 1 floor!
 18827 | Lair:3   | Found a staircase to the Shoals.
 19386 | Lair:2   | Identified 2 scrolls of acquirement
 19388 | Lair:2   | Acquired 485 gold pieces
 19390 | Lair:2   | Acquired the +3 warlock's mirror {omnireflect}
 19390 | Lair:2   | Found the +3 warlock's mirror {omnireflect}
 19828 | Lair:2   | Found a staircase to the Snake Pit.
 20096 | Lair:4   | Found a transporter.
 20600 | Lair:4   | Found a transporter.
 20607 | Lair:4   | Noticed Ceyroiss's ghost (journeyman HuWn)
 20862 | Lair:4   | Reached skill level 10 in Shields
 21045 | Lair:4   | Found a one-way gate to the infinite horrors of the Abyss.
 21102 | Lair:4   | Killed Ceyroiss's ghost
 21118 | Lair:4   | Reached XP level 16. HP: 36/137 MP: 22/22
 21407 | Lair:5   | Entered Level 5 of the Lair of Beasts
 21449 | Lair:5   | Found a frozen archway.
 21474 | IceCv    | Entered an ice cave
 21946 | IceCv    | Got the Quarto of Snow
 22077 | Lair:5   | Found a staircase to the Slime Pits.
 22241 | Lair:5   | Reached skill level 13 in Axes
 22256 | Lair:5   | Found a runed translucent door.
 22307 | Lair:5   | Identified the +2 sling "Dragonbane" {heavy, +Blink Dex-5
                  | SInv}
 22483 | Lair:5   | Reached ****** piety under Makhleb
 23393 | Shoals:1 | Entered Level 1 of the Shoals
 23644 | Shoals:1 | You fall into a shaft and drop 1 floor!
 23661 | Shoals:2 | Noticed royokou's ghost (adept GrEE)
 23708 | Shoals:2 | Noticed Ilsuiw
 23735 | Shoals:2 | Reached XP level 17. HP: 84/146 MP: 15/24
 23739 | Shoals:2 | Killed Ilsuiw
 24003 | Shoals:2 | Found a transporter.
 24004 | Shoals:2 | Found a bloodstained altar of Trog.
 24015 | Shoals:2 | Found a transporter.
 24884 | Shoals:2 | HP: 1/146 [royokou's ghost/iron shot (72)]
 24884 | Shoals:2 | Slain by a merfolk impaler

Illustrated notes

Levels and vault maps discovered:
D:1:      eino_arrival_water_star, layout_basic, serial_shops,
          nicolae_square_shop
D:2:      layout_basic, minmay_tall_x, uniq_jessica
D:3:      layout_rooms, nicolae_ashenzari_skybound, uniq_terence, uniq_ijyb
D:4:      layout_loops_ring, kennysheep_generic_room_7, uniq_sigmund,
          uniq_grinder, uniq_robin
D:5:      layout_rooms
D:6:      layout_loops_ring, regret_index_temple_of_mockery,
          minmay_temple_entry_poolview, cheibrodos_sewer_entry_bend,
          minmay_crystal_room, minmay_fountain_box
D:7:      layout_loops_corners, pdpol_temple_overflow_zin_treasury_gozag_greed,
          elyvilon_altar_1, lemuel_zombie_altar_yredelemnul, serial_shops, shop,
          minmay_unpleasant_kobolds
D:8:      layout_loops_corners, gammafunk_ghost_ooze
D:9:      layout_stronghold
D:10:     layout_loops_ring, lemuel_coloured_pillars_altar,
          overflow_temple_1_default, zombieorc2_lemuel,
          chequers_serial_rivers_micro_c
D:11:     minmay_the_grid_square_5x5_4x4_mashed [minmay_the_grid_square_5x5_z,
          minmay_the_grid_square_5x5_inset, minmay_the_grid_square_5x5_spiral,
          minmay_the_grid_square_5x5_three_walls, minmay_the_grid_square_5x5_v,
          minmay_the_grid_square_5x5_prize_pseudospiral,
          minmay_the_grid_square_5x5_prize_waves,
          minmay_the_grid_square_5x5_slash, minmay_the_grid_square_5x5_c,
          minmay_the_grid_square_5x5_prize_itemx,
          minmay_the_grid_square_5x5_prize_gold,
          minmay_the_grid_square_5x5_doubleslash,
          minmay_the_grid_square_5x5_two, minmay_the_grid_square_5x5_checkered,
          minmay_the_grid_square_5x5_eight,
          minmay_the_grid_square_5x5_two_small], layout_loops_ring,
          david_lair_generic, nicolae_specific_store, hangedman_minor_magic,
          uniq_fannar, uniq_grum
D:12:     layout_basic, nicolae_wwwww, minmay_fractal_squares_5
D:13:     layout_basic, hangedman_vaults_entry_quadrant_bands, uniq_urug
D:14:     layout_basic, hangedman_ru_absence, gauntlet_entry_generic
D:15:     hangedman_depths_entry_civil_slaughter, layout_stronghold,
          minmay_misc_feat_more_columns
Temple:   dshaligram_water_room_temple
Lair:1:   layout_regular_city, uniq_amaemon
Lair:2:   cheibrodos_lair_overgrown_chateau, layout_long_grid,
          nicolae_snake_entry_warm_welcome, infiniplex_staircase_pool_2,
          serial_bayou_shore_a, uniq_harold
Lair:3:   layout_cellular_growth, elwin_shoals_entry_rocks, serial_bayou_pond_c,
          minivault_27
Lair:4:   layout_regular_city, gammafunk_ghost_abyssal_escape, st_stairs_12
Lair:5:   hangedman_lair_caniforms_friends, layout_gridlike,
          nicolae_slime_entry_slimehenge, portal_ice_cave_entry_pillars_1,
          pdpol_lair_cabin_in_the_woods
Shoals:1: layout_shoals
Shoals:2: layout_shoals, gammafunk_ghost_wrathful_warriors, uniq_ilsuiw
Orc:1:    layout_caves
Orc:2:    grunt_orc_tribal_feast, layout_diamond_mine, basic_altar,
          guppyfry_orc_lava_fort

Skill      XL: |  1  2  3  4  5  6  7  8  9 10 11 12 13 14 15 16 17 |
---------------+----------------------------------------------------+-----
Axes           | 2 3 4 5 6 7 8 9 10 11 12 13 | 13.7
Armour         | 3 4 5 6 7 8 9 10 11 12 | 12.7
Dodging        | 1 2 3 4 5 6 7 8 9 |  9.7
Invocations    | 1 2 3 4 5 6 7 8 9 10 11 | 11.5
Shields        | 3 4 5 6 7 8 10 11 | 11.6
Evocations     | 1 2 3 4 5 6 7 8 9 |  9.8
Fighting       | 4 5 6 7 8 9 10 11 12 | 12.0

Action                     |  1- 3 |  4- 6 |  7- 9 | 10-12 | 13-15 | 16-18 || total
---------------------------+-------+-------+-------+-------+-------+-------++-------
  Melee: War axe           |    64 |   213 |   349 |   374 |   902 |   376 ||  2278
         Broad axe         |       |       |       |       |    98 |   317 ||   415
         Eveningstar       |       |       |       |       |    33 |    18 ||    51
         Shillelagh        |       |       |       |       |       |     3 ||     3
 Invoke: Lesser Servant of |       |       |       |    10 |    24 |     4 ||    38
         Major Destruction |       |       |       |     1 |     4 |       ||     5
         Minor Destruction |       |       |       |       |     3 |     6 ||     9
         Greater Servant o |       |       |       |       |       |     1 ||     1
  Evoke: Wand              |       |       |     2 |    22 |    16 |     1 ||    41
         Lightning rod     |       |       |       |       |       |     1 ||     1
    Use: Scroll            |     2 |     8 |     4 |     8 |    25 |     7 ||    54
         Potion            |       |       |     5 |     9 |     9 |     1 ||    24
   Stab: Invisible         |       |       |       |     3 |       |       ||     3
         Paralysed         |       |       |       |     2 |     4 |     2 ||     8
         Distracted        |       |       |       |     1 |     5 |     3 ||     9
 Armour: Scale mail        |    33 |    55 |       |       |       |       ||    88
         Chain mail        |       |    98 |   255 |     7 |   169 |   333 ||   862
         Plate armour      |       |       |       |   226 |   464 |       ||   690
  Dodge: Dodged            |    39 |   117 |   147 |   147 |   748 |   500 ||  1698
  Block: Buckler           |    12 |    60 |    98 |   107 |   422 |   613 ||  1312
         Reflection        |       |       |       |       |    14 |    32 ||    46
         Kite shield       |       |       |       |       |   214 |       ||   214
